[Event "WSTCC-50 2024"]
[Site "Krakow"]
[Date "2024.07.02"]
[Round "1.1"]
[White "Ehlvest, Jaan"]
[Black "Lima, Darcy"]
[Result "1/2-1/2"]
[ECO "C50"]
[WhiteElo "2528"]
[BlackElo "2392"]
[Annotator "RC"]
[PlyCount "126"]
[EventDate "2024.07.01"]
[EventType "team-tourn"]
[EventCountry "POL"]
[SourceTitle "playchess.com"]
[Source "ChessBase"]
[SourceQuality "1"]
[TimeControl "40/5400+30:1800+30"]

1. e4 e5 2. Nf3 Nc6 3. Bc4 d6 4. d3 Na5 5. Bd5 c6 6. Bxf7+ Kxf7 7. Ng5+ Ke8 8. b4 Be7 9. bxa5 Qxa5+ 10. Nd2 Nf6 11. O-O Qa4 12. Nc4 h6 13. Nf3 Be6 14. Ne3 Kd7 15. d4 Nxe4 16. dxe5 Rad8 17. Bb2 Kc8 18. Qd4 Nc5 19. exd6 Bxd6 20. Qxa4 Nxa4 21. Bxg7 Rh7 22. Bf6 Rf8 23. Be5 Bb4 24. c4 Rd7 25. Rfd1 Rfd8 26. Rxd7 Rxd7 27. h4 Bc5 28. Bf4 h5 29. Ng5 Bxc4 30. Nxc4 Rd4 31. Ne6 Rxc4 32. Rd1 Bb6 33. Be3 Nc3 34. Rd6 Nb5 35. Rd3 Bc7 36. g3 Ra4 37. Ng7 Rxa2 38. Nxh5 a5 39. g4 a4 40. g5 a3 41. g6 Be5 42. Bb6 Nc7 43. Bxc7 Kxc7 44. g7 Bxg7 45. Nxg7 b5 46. h5 b4 47. Ne6+ Kb6 48. h6 Rb2 49. h7 a2 50. Rd1 Rb1 51. h8=Q Rxd1+ 52. Kg2 a1=Q 53. Qb8+ Ka5 54. Qa7+ Kb5 55. Qc5+ Ka4 56. Qxc6+ Ka3 57. Qa6+ Kb2 58. Qe2+ Kc3 59. Qe3+ Kc4 60. Qe4+ Kc3 61. Qf3+ Kc2 62. Qe4+ Kc3 63. Qf3+ Kc2 1/2-1/2

[Event "WSTCC-50 2024"]
[Site "Krakow"]
[Date "2024.07.02"]
[Round "1.1"]
[White "Sokolin, Leonid"]
[Black "Tsiganova, Monika"]
[Result "1/2-1/2"]
[ECO "B51"]
[WhiteElo "2454"]
[BlackElo "1999"]
[Annotator "TA"]
[PlyCount "119"]
[EventDate "2024.07.01"]
[EventType "team-tourn"]
[EventCountry "POL"]
[SourceTitle "playchess.com"]
[Source "ChessBase"]
[SourceQuality "1"]
[TimeControl "40/5400+30:1800+30"]

1. e4 c5 2. Nf3 d6 3. Bb5+ Nd7 4. a4 Ngf6 5. Nc3 e6 6. O-O Be7 7. d4 cxd4 8. Qxd4 {[%emt 0:00:03] White is slightly better.} O-O 9. Rd1 a6 {[%emt 0:04:24] [#] White must now prevent ...e5.} 10. Be2 h6 11. e5 dxe5 12. Nxe5 Qa5 (12... Nxe5 $11 13. Qxe5 Bd7) 13. Nc4 {[%emt 0:06:10] White has more active pieces. The black rooks are passive.} Qf5 14. Qd3 $36 {[%emt 0:12:05][%mdl 2048] White is in control.} Qxd3 15. Rxd3 Nc5 16. Rd1 g5 {[%emt 0:12:08] [#]} (16... e5 $16) 17. h4 $1 Nfe4 18. Nxe4 Nxe4 19. Bf3 f5 20. Bxe4 fxe4 21. hxg5 hxg5 22. Be3 e5 23. Nb6 Rb8 24. Nd5 Bd8 {[%emt 0:01:20] Black is weak on the dark squares} 25. Bc5 {[%emt 0:00:12][%cal Oc5d6] aiming for Bd6!} Re8 26. Ba7 Ra8 27. Nb6 Bxb6 28. Bxb6 Kf7 29. Rd5 Bf5 30. Rad1 Rac8 31. c3 Rc6 32. Rd6 Rxd6 33. Rxd6 $14 {[%emt 0:00:01][%mdl 4096] Endgame. KRB-KRB} Re6 34. Rd7+ Re7 35. Rd8 Rd7 36. Rb8 Be6 37. Kh2 Kg6 38. Be3 Bb3 39. a5 Bf7 40. Kg3 Kf5 41. Rc8 Kf6 42. b4 Be6 43. c4 Rd3 44. Rf8+ Kg6 45. Rb8 Bxc4 46. Rxb7 Rb3 47. Rb6+ Kf5 48. Kh3 Be2 49. Kh2 Rc3 50. Rb8 Rc6 51. Bc5 Kg4 52. Re8 Rh6+ 53. Kg1 Kf5 54. Be3 Bd3 55. Rf8+ Kg4 56. Rg8 Rh5 {[%emt 0:00:00] The position is equal.} 57. Bd2 Kf5 58. Rf8+ Ke6 59. Rc8 g4 60. Rc6+ {[%emt 0:02:23] White really could win this.   Weighted Error Value: White=0.06 (flawless) /Black=0.04 (flawless) .  Mistake:       	---       	Black=2      Inaccurate:     	White=2     	---        OK:         	White=16    	Black=36     Best:        	---       	Black=2} 1/2-1/2

[Event "WSTCC-50 2024"]
[Site "Krakow"]
[Date "2024.07.02"]
[Round "1.1"]
[White "Belakovskaia, Anjelina"]
[Black "Mitchell, Martin"]
[Result "1-0"]
[ECO "B07"]
[WhiteElo "2171"]
[BlackElo "2159"]
[Annotator "RC"]
[PlyCount "87"]
[EventDate "2024.07.01"]
[EventType "team-tourn"]
[EventCountry "POL"]
[SourceTitle "playchess.com"]
[Source "ChessBase"]
[SourceQuality "1"]
[TimeControl "40/5400+30:1800+30"]

1. e4 d6 2. d4 Nf6 3. Nc3 g6 4. f3 c6 5. Be3 Nbd7 6. Qd2 b5 7. g4 h5 8. g5 Nh7 9. d5 b4 10. dxc6 bxc3 11. cxd7+ Bxd7 12. Qxc3 e5 13. h4 Rc8 14. Qd2 Qc7 15. O-O-O Be7 16. Ne2 O-O 17. Nc3 Be6 18. Ba6 Rb8 19. Nd5 Bxd5 20. Qxd5 Kg7 21. Rd3 f6 22. Rc3 Qd7 23. Qc6 Qe6 24. Bc4 Qc8 25. Qxc8 Rbxc8 26. gxf6+ Rxf6 27. Rh3 a5 28. a3 Rff8 29. Kd2 Rb8 30. Rb3 Rxb3 31. Bxb3 g5 32. hxg5 Kg6 33. Be6 Nxg5 34. Bf5+ Kf6 35. Rxh5 Nxf3+ 36. Kd3 Ne1+ 37. Ke2 Nxc2 38. Bg5+ Kg7 39. Bxe7 Nd4+ 40. Ke3 Rb8 41. Bxd6 Rb3+ 42. Kd2 Rxb2+ 43. Kc3 Rb3+ 44. Kc4 1-0

[Event "WSTCC-50 2024"]
[Site "Krakow"]
[Date "2024.07.02"]
[Round "1.2"]
[White "Becker, Rogerio Sperb"]
[Black "Shabalov, Alexander"]
[Result "0-1"]
[ECO "A15"]
[WhiteElo "2053"]
[BlackElo "2467"]
[Annotator "TA"]
[PlyCount "64"]
[EventDate "2024.07.01"]
[EventType "team-tourn"]
[EventCountry "POL"]
[SourceTitle "playchess.com"]
[Source "ChessBase"]
[SourceQuality "1"]
[TimeControl "40/5400+30:1800+30"]

1. c4 Nf6 2. g3 e6 3. Bg2 d5 4. Nf3 Bd6 5. O-O O-O 6. b3 b6 7. cxd5 exd5 8. Nc3 Re8 {[%emt 0:01:00] The position is equal.} 9. Bb2 Bb7 10. Rc1 a6 11. d4 Nbd7 12. e3 Rc8 13. Ne1 Ne4 14. Nd3 Ndf6 15. b4 c6 16. a3 a5 17. bxa5 Ba6 (17... bxa5 {simplifies} 18. Nxe4 Nxe4 19. Re1 Ba6) 18. axb6 Qxb6 {[#] ...Bxd3 is the strong threat.} 19. Rb1 Qa5 20. Qc2 c5 (20... Ng4 $1 $15) 21. Rfc1 (21. dxc5 $11 Bxc5 22. Nxc5 (22. Nxd5 $2 Nxd5 23. Ne5 Nxe3 $19) 22... Rxc5 23. Rfc1) 21... cxd4 $15 22. exd4 Ng4 23. Bxe4 $2 {[%emt 0:04:47][%mdl 8192] White does not recover from this.} (23. Re1 $17) 23... dxe4 $19 24. Ne5 (24. Nc5 $142 Bxc5 25. h3 Bxd4 26. hxg4) 24... Bxe5 25. dxe5 {[%emt 0:00:20] White is weak on the light squares} Bd3 (25... Rxe5 26. Qa4 $15) 26. Qd1 Nxe5 27. Ra1 Nf3+ 28. Kg2 Qh5 {[%emt 0:00:24][%csl Gf3][%cal Rh5h2] [#]} 29. h3 Rc6 30. Qa4 Rce6 (30... Ng5 $142 31. h4 Qf3+ 32. Kg1 Nh3+ (32... e3 $2 33. hxg5 Qxf2+ 34. Kh1 $19) 33. Kh2 Nf4 (33... Qxf2+ $2 34. Kxh3 Rce6 35. Nd5 $19) 34. gxf4 Qxf2+ 35. Kh3 e3 36. Ne4 Bxe4 (36... Qxb2 $2 {loses.} 37. Qxc6 Qb8 38. Ng3 $18) 37. Qxe4 Rxe4 38. Rf1 Qxb2 39. Rad1 Qf6 (39... Qxa3 $2 40. Rd8+ $19) 40. Rf3 e2 (40... Rxf4 {is a self mate.} 41. Rxf4 e2 42. Rxf6 Rc3+ 43. Rd3 Rxd3+ 44. Kg2 e1=Q 45. Rf2 Qe4+ 46. Kh2 Qxh4+ 47. Kg1 Qg3+ 48. Kf1 Rd1+ 49. Ke2 Qd3#) 41. Rb1 Qf5+ (41... e1=B 42. Rb8+) 42. Kg3 e1=Q+ (42... e1=B+ 43. Rxe1 Qg6+ 44. Kh3 Rxe1 45. Rf1 Rc3+ 46. Kh2 Qg3+ 47. Kh1 Rxf1#) (42... Rg6+ 43. Kh2 Re8 44. Rg3 Qxf4 45. Rbb3 e1=Q 46. h5 Qh4+ 47. Rh3 Qg1#) 43. Rxe1 Rxe1 44. Kf2 Rc2+ 45. Kxe1 Qe4+ 46. Kf1 Qxf3+ 47. Kg1 Qg2#) 31. Nd1 Ne1+ 32. Kg1 Qxh3 {[%emt 0:00:15] Weighted Error Value: White=1.08/Black=0.40.  Loses game:     	White=1     	---        Mistake:       	White=2     	Black=1      Inaccurate:     	White=1     	Black=1      OK:         	White=6     	Black=9      Best:        	---       	Black=2} 0-1

[Event "WSTCC-50 2024"]
[Site "Krakow"]
[Date "2024.07.02"]
[Round "1.2"]
[White "Hulme, William"]
[Black "Marinello, Beatriz"]
[Result "0-1"]
[ECO "E46"]
[WhiteElo "1941"]
[BlackElo "2109"]
[Annotator "NA RC"]
[PlyCount "55"]
[EventDate "2024.07.01"]
[EventType "team-tourn"]
[EventCountry "POL"]
[SourceTitle "playchess.com"]
[Source "ChessBase"]
[SourceQuality "1"]
[TimeControl "40/5400+30:1800+30"]

1. d4 Nf6 2. c4 e6 3. Nc3 Bb4 4. e3 O-O 5. Nge2 b6 6. a3 Be7 7. d5 Ba6 8. Nd4 c5 9. Ndb5 exd5 10. cxd5 d6 11. a4 Nbd7 12. Be2 Re8 13. O-O Bf8 14. Qc2 Bb7 15. e4 a6 16. Na3 Qe7 17. Re1 h6 18. h3 b5 19. axb5 axb5 20. Ncxb5 Qxe4 21. Qxe4 Rxe4 22. Bd2 Rb8 23. Ba5 Nxd5 24. Bf3 Ra4 25. Nc7 Rxa5 26. Nxd5 Ne5 27. Rad1 Ra4 28. Nb1 0-1

[Event "WSTCC-50 2024"]
[Site "Krakow"]
[Date "2024.07.02"]
[Round "1.2"]
[White "Narva, Regina"]
[Black "Paschall, William"]
[Result "0-1"]
[ECO "B00"]
[WhiteElo "1921"]
[BlackElo "2312"]
[Annotator "TA"]
[PlyCount "118"]
[EventDate "2024.07.01"]
[EventType "team-tourn"]
[EventCountry "POL"]
[SourceTitle "playchess.com"]
[Source "ChessBase"]
[SourceQuality "1"]
[TimeControl "40/5400+30:1800+30"]

1. e4 d6 2. d4 a6 3. Nc3 Nf6 4. Be2 e5 5. dxe5 dxe5 6. Qxd8+ Kxd8 7. Bg5 Be6 8. O-O-O+ {[%emt 0:04:57] The position is equal.} Kc8 9. f4 exf4 $1 10. e5 Nfd7 11. Bxf4 Nc6 12. Nf3 h6 13. h4 g6 14. Rhe1 Bg7 15. Bf1 Re8 16. Nd5 Ne7 17. Bc4 Nxd5 18. Bxd5 Nf8 19. Bg3 Bxd5 20. Rxd5 Rd8 21. Red1 Rxd5 22. Rxd5 Ne6 23. Rd3 Nc5 24. Rd4 Ne6 {[%emt 0:00:34] Dodges Rf4} 25. Rd3 a5 26. Nd4 Kd7 27. Nf5+ Ke8 28. Nxg7+ Nxg7 $11 {[%emt 0:00:06][%mdl 4096] Endgame. KRB-KRN} 29. Bf4 h5 30. Bg5 Ne6 31. Bf6 a4 32. Kd1 Ra5 33. c4 (33. c3 $11 {remains equal.}) 33... Rc5 $17 34. b3 axb3 35. axb3 Ra5 36. Rd2 Ra3 37. Kc2 Ra2+ 38. Kc3 Rxd2 39. Kxd2 {[%emt 0:00:05] KB-KN} Nc5 $1 40. Kc2 {[%emt 0:00:18] [#]} (40. Kc3 $17) 40... Kd7 $1 $19 41. b4 Ne4 {[%emt 0:31:04] And now ...Nxf6 would win.} 42. Bg7 ({Don't blunder} 42. Kd3 $2 Nxf6 43. exf6 Ke6 $19) 42... Ke6 43. Kd3 {[%emt 0:00:00] [#]} Kf5 44. Ke3 Ng3 ({Black should try} 44... g5 $17 45. hxg5 Nxg5) 45. Kd4 $2 {[%emt 0:00:00][%mdl 8192] White does not recover from this.} (45. Kf3 $1 $11 {and White stays safe.} Ne4 46. c5) 45... Ne2+ 46. Ke3 Nf4 47. g3 Ne6 48. Bf6 Kg4 49. Kf2 c6 50. Be7 (50. b5 {was the only chance.}) 50... Kf5 51. Bd6 Ke4 52. b5 (52. Ke2 $142) 52... c5 {[%emt 0:00:00] ...Kd3 is the strong threat.} 53. Ke2 Kd4 54. Kf3 Kxc4 55. g4 hxg4+ 56. Kxg4 Kxb5 {[%emt 0:00:00] ( -> ...c4)} 57. h5 gxh5+ {[%emt 0:00:00] Black mates.} 58. Kf5 h4 59. Kf6 h3 {[%emt 0:00:00] Weighted Error Value: White=0.54/Black=0.08 (flawless) .  Loses game:     	White=1     	---        Mistake:       	White=4     	Black=1      Inaccurate:     	White=2     	Black=1      OK:         	White=17    	Black=24     Best:        	White=2     	Black=5      Strong:       	---       	Black=2} 0-1

[Event "WSTCC-50 2024"]
[Site "Krakow"]
[Date "2024.07.02"]
[Round "1.3"]
[White "Novikov, Igor"]
[Black "Santanna, Paulo"]
[Result "1-0"]
[ECO "D38"]
[WhiteElo "2509"]
[BlackElo "2020"]
[Annotator "TA"]
[PlyCount "79"]
[EventDate "2024.07.01"]
[EventType "team-tourn"]
[EventCountry "POL"]
[SourceTitle "playchess.com"]
[Source "ChessBase"]
[SourceQuality "1"]
[TimeControl "40/5400+30:1800+30"]

1. d4 Nf6 2. c4 e6 3. Nf3 d5 4. Nc3 Bb4 5. Bg5 h6 6. Bxf6 Qxf6 7. e3 O-O 8. Rc1 c5 9. cxd5 exd5 10. dxc5 Nc6 11. Bb5 Bg4 12. Bxc6 Qxc6 {[%emt 0:05:42] [#]} 13. Ne5 $1 {[%emt 0:13:32] White is better.} Bxd1 (13... Bxc3+ 14. Rxc3) 14. Nxc6 bxc6 15. Kxd1 Bxc3 16. Rxc3 $16 {[%emt 0:00:16][%mdl 4096] Endgame. KRR-KRR} Rfb8 17. Kc2 a5 18. Rd1 a4 19. Rd4 Rb5 20. e4 dxe4 21. Rxe4 Rab8 22. b3 ({Of course not} 22. Rxa4 $6 Rxb2+ 23. Kc1 Rxf2 $11) 22... axb3+ 23. axb3 Ra8 (23... R5b7 $16 24. Ra4 h5) 24. Ra4 $1 $18 Re8 25. Kd3 {[%emt 0:01:16] Inhibits Re2.} (25. Ra6 $18 Re2+ 26. Kd3 Rxf2 27. Rxc6) 25... Rd8+ (25... Rb7 $16 26. h3 Rbe7) 26. Kc4 $1 {[%emt 0:05:10] aiming for Ra6.} Rd5 (26... Re8 $142 27. Re3 Reb8) 27. b4 Rd2 (27... Rb8 $142 28. Rd3 Rh5) 28. Ra6 Rb2 29. Rb3 ({Weaker is} 29. Rxc6 R5xb4+ 30. Kd3 Kf8 $16) 29... Rc2+ {[%emt 0:00:29] [#]} 30. Rc3 (30. Kd4 $1 $18 {is the precise move to win.} Rcxc5 (30... Rxf2 31. Rxc6 Rxg2 32. Rb6 $18) 31. bxc5 Rxb3 32. Rxc6) 30... Rb2 $16 31. Rb3 $2 (31. Rxc6 $16 R5xb4+ 32. Kd3) 31... Rc2+ $18 {[%emt 0:00:09] [#]} 32. Kd4 $1 Rxf2 $2 (32... Rcxc5 {was necessary.} 33. bxc5 Rxb3 34. Rxc6 Rb4+ 35. Kd5 Rb2) 33. Rxc6 {[%emt 0:01:05] White is clearly winning.} Rf4+ 34. Kc3 Kf8 35. Rb6 Rxb6 36. cxb6 {[%emt 0:00:03] b7 would now be deadly.} Rf6 37. Kc4 Rxb6 38. Kc5 Rb8 39. b5 Ke7 40. b6 {[%emt 0:00:32] Weighted Error Value: White=0.42/Black=0.33.  Mistake:       	White=3     	Black=5      Inaccurate:     	White=1     	Black=2      OK:         	White=10    	Black=7      Best:        	---       	Black=4      Strong:       	White=2     	---} 1-0

[Event "WSTCC-50 2024"]
[Site "Krakow"]
[Date "2024.07.02"]
[Round "1.3"]
[White "Ginsburg, Mark"]
[Black "Fomina, Tatyana"]
[Result "1-0"]
[ECO "A04"]
[WhiteElo "2272"]
[BlackElo "2192"]
[Annotator "RC"]
[PlyCount "119"]
[EventDate "2024.07.01"]
[EventType "team-tourn"]
[EventCountry "POL"]
[SourceTitle "playchess.com"]
[Source "ChessBase"]
[SourceQuality "1"]
[TimeControl "40/5400+30:1800+30"]

1. Nf3 f5 2. d4 Nf6 3. g3 e6 4. Bg2 Be7 5. O-O O-O 6. b3 Ne4 7. Bb2 Bf6 8. Nbd2 Nxd2 9. Qxd2 c5 10. c4 Qe7 11. Rad1 d6 12. dxc5 Bxb2 13. Qxb2 dxc5 14. Ne5 Qc7 15. f4 a5 16. e4 Nd7 17. exf5 Rxf5 18. Nf3 Rf8 19. Rfe1 Nf6 20. Qe5 Qxe5 21. fxe5 Ng4 22. Ng5 a4 23. h3 Nh6 24. g4 axb3 25. axb3 Nf7 26. Nxf7 Kxf7 27. Rd6 Kg6 28. Rf1 Rxf1+ 29. Bxf1 Kg5 30. Rd8 Kf4 31. Kf2 Kxe5 32. Ke3 Kf6 33. Bd3 Ke7 34. Rg8 Kf7 35. Rh8 h6 36. h4 Kf6 37. Be4 Rb8 38. h5 Ke5 39. Rg8 Kf6 40. Bf3 Kf7 41. Rh8 Kf6 42. Be4 Kg5 43. Rg8 Kf6 44. Bg6 b6 45. Kf4 b5 46. cxb5 e5+ 47. Kg3 Rxb5 48. Rxc8 Rxb3+ 49. Kh4 Rc3 50. Rc6+ Ke7 51. Rc7+ Kd6 52. Rxg7 Rc1 53. Be4 c4 54. Rg6+ Kc5 55. Rxh6 Kd4 56. Bf5 c3 57. Kg5 Re1 58. Rd6+ Kc4 59. h6 e4 60. h7 1-0

[Event "WSTCC-50 2024"]
[Site "Krakow"]
[Date "2024.07.02"]
[Round "1.3"]
[White "Sagalchik, Olga"]
[Black "Aird, Ian"]
[Result "1-0"]
[ECO "D37"]
[WhiteElo "2128"]
[BlackElo "1840"]
[Annotator "NA RC"]
[PlyCount "75"]
[EventDate "2024.07.01"]
[EventType "team-tourn"]
[EventCountry "POL"]
[SourceTitle "playchess.com"]
[Source "ChessBase"]
[SourceQuality "1"]
[TimeControl "40/5400+30:1800+30"]

1. d4 Nf6 2. c4 e6 3. Nf3 d5 4. Nc3 a6 5. Bg5 dxc4 6. a4 Nc6 7. e3 Na5 8. Qc2 Bb4 9. Be2 b5 10. O-O c6 11. Ne5 Bb7 12. Bf3 Qb6 13. Rfd1 Nb3 14. Rab1 Be7 15. Bh4 O-O 16. Bxf6 Bxf6 17. Nd7 Qc7 18. Nxf8 Rxf8 19. Ne4 Be7 20. Nd2 Nxd2 21. Qxd2 a5 22. Qc2 Bb4 23. Rbc1 Rd8 24. h4 Rd7 25. h5 Qd8 26. Qe2 Qg5 27. Be4 f5 28. f4 Qf6 29. Bf3 g5 30. hxg6 hxg6 31. axb5 cxb5 32. Bxb7 Rxb7 33. Qf3 Qe7 34. Kf2 Rc7 35. Rh1 c3 36. bxc3 Rxc3 37. Rxc3 Bxc3 38. Qa8+ 1-0

[Event "WSTCC-50 2024"]
[Site "Krakow"]
[Date "2024.07.02"]
[Round "1.4"]
[White "Korge, Kersti"]
[Black "Koganov, Mikhail"]
[Result "1/2-1/2"]
[ECO "A00"]
[WhiteElo "1859"]
[BlackElo "2177"]
[Annotator "RC"]
[PlyCount "95"]
[EventDate "2024.07.01"]
[EventType "team-tourn"]
[EventCountry "POL"]
[SourceTitle "playchess.com"]
[Source "ChessBase"]
[SourceQuality "1"]
[TimeControl "40/5400+30:1800+30"]

1. b4 e5 2. Bb2 d6 3. e3 Nc6 4. a3 Nf6 5. Nf3 g6 6. Be2 Bg7 7. d4 exd4 8. Nxd4 Ne7 9. c4 O-O 10. Nc3 Re8 11. O-O Nf5 12. Nxf5 Bxf5 13. Bf3 c6 14. Ne2 Qc7 15. Nd4 Be4 16. Bxe4 Rxe4 17. Qc2 Rae8 18. Rad1 d5 19. cxd5 Nxd5 20. Nf3 Bxb2 21. Qxb2 Qb6 22. Rd4 a5 23. Rxe4 Rxe4 24. Qb1 Re7 25. bxa5 Qxa5 26. Qb3 Qc3 27. Rb1 Qxb3 28. Rxb3 Kf8 29. Kf1 Ke8 30. a4 Kd8 31. a5 Kc7 32. Nd4 Re8 33. Ke2 Nf4+ 34. Kf3 Ne6 35. Nxe6+ Rxe6 36. e4 Re5 37. Ra3 Kb8 38. Ke3 Ka7 39. f4 Re7 40. Kd4 Rd7+ 41. Ke3 Ka6 42. g4 c5 43. f5 c4 44. e5 Kb5 45. Ke4 gxf5+ 46. gxf5 Re7 47. Kd5 Rd7+ 48. Ke4 1/2-1/2

[Event "WSTCC-50 2024"]
[Site "Krakow"]
[Date "2024.07.02"]
[Round "1.4"]
[White "Heatlie, Douglas S"]
[Black "Tsodikova, Natalia"]
[Result "0-1"]
[ECO "A48"]
[WhiteElo "1834"]
[BlackElo "2019"]
[Annotator "NA RC"]
[PlyCount "52"]
[EventDate "2024.07.01"]
[EventType "team-tourn"]
[EventCountry "POL"]
[SourceTitle "playchess.com"]
[Source "ChessBase"]
[SourceQuality "1"]
[TimeControl "40/5400+30:1800+30"]

1. d4 Nf6 2. Nf3 g6 3. Bf4 c5 4. e3 cxd4 5. exd4 Qb6 6. b3 Bg7 7. c3 O-O 8. Bd3 Nc6 9. O-O d6 10. a4 Bg4 11. b4 e5 12. dxe5 dxe5 13. Be3 Qc7 14. Be2 Rfd8 15. Nfd2 Be6 16. Qe1 Nd5 17. Bf3 Nxe3 18. Qxe3 f5 19. Re1 e4 20. Be2 Nxb4 21. cxb4 Bxa1 22. Nb3 Be5 23. Nc5 Bf7 24. g3 Bd4 25. Qa3 Rac8 26. Rc1 Qe5 0-1

[Event "WSTCC-50 2024"]
[Site "Krakow"]
[Date "2024.07.02"]
[Round "1.4"]
[White "Serafim Junior, Arnor"]
[Black "Yermolinsky, Alex"]
[Result "0-1"]
[ECO "A10"]
[WhiteElo "1770"]
[BlackElo "2421"]
[Annotator "TA"]
[PlyCount "68"]
[EventDate "2024.07.01"]
[EventType "team-tourn"]
[EventCountry "POL"]
[SourceTitle "playchess.com"]
[Source "ChessBase"]
[SourceQuality "1"]
[TimeControl "40/5400+30:1800+30"]

1. c4 b6 2. Nf3 Bb7 3. g3 c5 4. Bg2 g6 5. Nc3 Bg7 6. O-O Nf6 7. e3 O-O 8. d4 Ne4 9. Qd3 Nxc3 10. bxc3 Nc6 11. Re1 {[%emt 0:09:57] Black is slightly better.} Na5 12. Bb2 (12. Nd2 $11) 12... Ba6 $17 13. Nd2 {[%emt 0:00:33] [#]} d5 $1 14. dxc5 (14. Bxd5 $2 Qxd5 15. cxd5 Bxd3 $19) (14. e4 dxc4) 14... Nxc4 15. cxb6 (15. e4 $17 {was worth a try.}) 15... Nxb2 $19 ({Don't play} 15... axb6 16. Qc2 $17) 16. Qxa6 axb6 ({Not} 16... Bxc3 17. b7 Rb8 18. Nb3 Bxe1 19. Rxe1 $11) 17. Qe2 Na4 $1 ({But not} 17... Bxc3 18. Rac1 Na4 19. Rc2 $17) 18. c4 Bxa1 19. Rxa1 e6 20. cxd5 exd5 21. Qd3 Qf6 22. Nb3 Rfd8 23. Nd4 Rac8 24. Qb5 Nc3 25. Qb2 Rc5 26. Nb3 Rc4 27. Bf1 (27. Nd4 {was called for.}) 27... Rc7 28. Nd4 Rdc8 29. Bh3 Ra8 30. Kf1 (30. Bf1 $142) 30... Rc4 31. Bg2 (31. Kg1 $142) 31... Kg7 32. Qd2 Rac8 33. Ke1 $2 {[%emt 0:01:05] [#]} (33. Re1) 33... Nb5 $1 34. Nb3 (34. Rd1 Nxd4) 34... Rc2 {[%emt 0:00:15] White did not feel at home in the position after the opening.   Weighted Error Value: White=0.66/Black=0.15 (very precise) .  Mistake:       	White=6     	---        Inaccurate:     	White=3     	Black=1      OK:         	White=6     	Black=12     Best:        	---       	Black=1      Strong:       	---       	Black=1      Brilliant:      	---       	Black=1} 0-1

[Event "WSTCC-50 2024"]
[Site "Krakow"]
[Date "2024.07.02"]
[Round "1.5"]
[White "Jhunjhnuwala, Krishan"]
[Black "Emms, John M"]
[Result "0-1"]
[ECO "B24"]
[WhiteElo "2227"]
[BlackElo "2428"]
[Annotator "RC"]
[PlyCount "150"]
[EventDate "2024.07.01"]
[EventType "team-tourn"]
[EventCountry "POL"]
[SourceTitle "playchess.com"]
[Source "ChessBase"]
[SourceQuality "1"]
[TimeControl "40/5400+30:1800+30"]

1. e4 c5 2. Nc3 Nc6 3. Bb5 Nd4 4. Nf3 a6 5. Bd3 Nc6 6. O-O d6 7. a3 Nf6 8. Rb1 e5 9. b4 cxb4 10. axb4 b5 11. Nd5 Be7 12. c4 bxc4 13. Nxf6+ Bxf6 14. Bxc4 O-O 15. Bd5 Bd7 16. d3 Rb8 17. Bd2 Ne7 18. Bc4 Bb5 19. Qb3 Qd7 20. Rfc1 h6 21. Ra1 Ng6 22. Bxb5 axb5 23. Ra6 Ne7 24. h3 Rfc8 25. Rxc8+ Nxc8 26. Be3 Ne7 27. Ra7 Qe6 28. Qxe6 fxe6 29. Rd7 Nc6 30. Bd2 Be7 31. g4 Bf8 32. g5 d5 33. gxh6 gxh6 34. exd5 exd5 35. Rxd5 Nxb4 36. Rd7 Nc6 37. Bc3 b4 38. Bxe5 Nxe5 39. Nxe5 b3 40. Nc4 b2 41. Nxb2 Rxb2 42. d4 Rd2 43. Kg2 Rd3 44. f3 Bg7 45. Kg3 Kh7 46. Kg4 Kg6 47. Rd5 Rd1 48. Kf4 Bf6 49. Kg3 h5 50. Kg2 Rd2+ 51. Kh1 Rf2 52. Rb5 Bxd4 53. Rd5 Bf6 54. Rd3 Kf5 55. Kg1 Ra2 56. Rd7 Kf4 57. Rf7 Kg3 58. Kf1 Rf2+ 59. Kg1 Rxf3 60. h4 Kxh4 61. Kg2 Kg4 62. Rf8 Rf5 63. Ra8 Rf4 64. Rg8+ Bg5 65. Rg7 Ra4 66. Rg8 h4 67. Kh1 Ra1+ 68. Kh2 Ra2+ 69. Kh1 h3 70. Kg1 Kh4 71. Rc8 Be3+ 72. Kf1 h2 73. Rh8+ Kg3 74. Rg8+ Kf3 75. Rf8+ Bf4 0-1

[Event "WSTCC-50 2024"]
[Site "Krakow"]
[Date "2024.07.02"]
[Round "1.5"]
[White "Delaney, John"]
[Black "Mrva, Martin"]
[Result "0-1"]
[ECO "B77"]
[WhiteElo "2167"]
[BlackElo "2361"]
[Annotator "RC"]
[PlyCount "60"]
[EventDate "2024.07.01"]
[EventType "team-tourn"]
[EventCountry "POL"]
[SourceTitle "playchess.com"]
[Source "ChessBase"]
[SourceQuality "1"]
[TimeControl "40/5400+30:1800+30"]

1. e4 c5 2. Nf3 d6 3. d4 cxd4 4. Nxd4 Nf6 5. Nc3 g6 6. Be3 Bg7 7. f3 O-O 8. Qd2 Nc6 9. Bc4 Nxd4 10. Bxd4 Be6 11. Bxe6 fxe6 12. O-O Rc8 13. a4 Qa5 14. Rfd1 Rc4 15. Be3 Rfc8 16. Ra3 Nd7 17. Rb3 b6 18. h4 Nc5 19. Ra3 Bxc3 20. bxc3 Rxa4 21. Rxa4 Nxa4 22. Ra1 b5 23. Bg5 Kf7 24. Rd1 Qxc3 25. Qf4+ Ke8 26. Kh1 Qe5 27. Qe3 Qc5 28. e5 d5 29. Qd3 Nb2 30. Qd4 Nxd1 0-1

[Event "WSTCC-50 2024"]
[Site "Krakow"]
[Date "2024.07.02"]
[Round "1.5"]
[White "Bouah, Lyndon"]
[Black "Krause, Ullrich"]
[Result "1-0"]
[ECO "D35"]
[WhiteElo "1996"]
[BlackElo "2171"]
[Annotator "RC"]
[PlyCount "71"]
[EventDate "2024.07.01"]
[EventType "team-tourn"]
[EventCountry "POL"]
[SourceTitle "playchess.com"]
[Source "ChessBase"]
[SourceQuality "1"]
[TimeControl "40/5400+30:1800+30"]

1. c4 e6 2. Nc3 d5 3. d4 Nf6 4. cxd5 Nxd5 5. e4 Nxc3 6. bxc3 c5 7. Rb1 cxd4 8. cxd4 Be7 9. Nf3 O-O 10. h4 b6 11. h5 Ba6 12. Rh3 Bxf1 13. Kxf1 Nd7 14. e5 f6 15. Rg3 fxe5 16. Bh6 Bf6 17. Bxg7 Bxg7 18. h6 Rf7 19. Ng5 Rf6 20. hxg7 Qe8 21. Rbb3 Rd8 22. Rbd3 e4 23. Nxe4 Rh6 24. Qf3 Qh5 25. Qf4 Qh1+ 26. Ke2 Rh4 27. Nf6+ Nxf6 28. Qxf6 Re8 29. Rdf3 Re4+ 30. Re3 Rxe3+ 31. fxe3 Qb1 32. Rf3 Qc2+ 33. Kf1 Qc1+ 34. Kf2 Qc2+ 35. Kg1 Qc1+ 36. Rf1 1-0